 Dungeon Crawl Stone Soup version 0.17.1-2-g5865329 (webtiles) character file.

28949 inmateoo the Slicer (level 13, -2/124 HPs)
             Began as a Halfling Enchanter on Feb 16, 2016.
             Was the Champion of Okawaru.
             Slain by Rupert
             ... wielding a +1 great sword of holy wrath
              (23 damage)
             ... on level 6 of the Lair of Beasts.
             The game lasted 01:00:12 (20585 turns).

inmateoo the Slicer (Halfling Enchanter)           Turns: 20585, Time: 01:00:12

Health: -2/124     AC: 26    Str: 11    XL:     13   Next: 77%
Magic:  20/20      EV:  3    Int: 15    God:    Okawaru [******]
Gold:   1024       SH:  0    Dex: 19    Spells: 5 memorised, 12 levels left

rFire  . . .     SeeInvis .     K - +0 rapier (elec)
rCold  . . .     Clarity  .     (armour currently unavailable)
rNeg   + + +     SustAt   .     (shield restricted)
rPois  +         Gourm    .     (helmet currently unavailable)
rElec  .         Spirit   .     (cloak currently unavailable)
rCorr  +         Warding  .     (gloves currently unavailable)
rMut   .         NoTele   +     (boots currently unavailable)
MR     +....                    c - amulet of resist corrosion
Stlth  +++++++...               A - +3 ring of strength
                                g - ring of protection from magic

@: tree-form, very slightly contaminated, somewhat resistant to hostile
enchantments, extremely stealthy
A: (horns 0), (deformed body), low mp 1, mutation resistance 1
a: Heroism, Finesse, Renounce Religion


You were on level 6 of the Lair of Beasts.
You worshipped Okawaru.
Okawaru was exalted by your worship.
You were hungry.
You were a tree.
You visited 3 branches of the dungeon, and saw 19 of its levels.
You also visited: Ossuary and Volcano.

You collected 1094 gold pieces.
You spent 70 gold pieces at shops.

Inventory:

Hand Weapons
 x - a +4 dagger
 z - a +0 blowgun
 K - a +0 rapier of electrocution (weapon)
 P - a +1 quick blade
Missiles
 O - 39 poisoned needles
Armour
 b - a +2 pair of gloves (melded)
 f - a +0 cloak (melded)
 j - a +1 hat (melded)
 q - a +2 pair of boots (melded)
 N - a +3 leather armour of poison resistance (melded)
 Z - a +0 buckler
Jewellery
 c - an amulet of resist corrosion (around neck)
 g - a ring of protection from magic (left branch)
 u - an uncursed ring of protection from magic
 v - an uncursed ring of positive energy
 A - a +3 ring of strength (right branch)
 F - an uncursed ring of see invisible
Wands
 i - a wand of hasting (2)
 m - a wand of lightning (5)
 r - a wand of digging (12)
 H - a wand of paralysis (4)
 M - a wand of random effects (27)
 R - a wand of draining (5)
 X - a wand of disintegration (15)
Scrolls
 e - 7 scrolls of recharging
 k - a scroll of enchant armour
 n - a scroll of teleportation
 s - a scroll of remove curse
 y - 3 scrolls of fear
 J - 3 scrolls of magic mapping
Potions
 h - 9 potions of curing
 l - 3 potions of haste
 o - a potion of brilliance
 p - 3 potions of ambrosia
 t - 2 potions of berserk rage {unknown}
 w - 2 potions of heal wounds
 B - 5 potions of agility
 E - 4 potions of flight
 G - a potion of lignification
 L - 2 potions of resistance
 S - 2 potions of magic {unknown}
 W - 2 potions of cure mutation {unknown}
Comestibles
 d - 20 bread rations
 C - 2 chunks of flesh
 D - 4 meat rations
 U - 4 fruits


   Skills:
 + Level 6.1 Fighting
 * Level 14.2 Short Blades
 + Level 9.0 Dodging
 + Level 10.2 Stealth
 + Level 6.3 Spellcasting
 * Level 10.2 Hexes
 - Level 4.0 Ice Magic
 + Level 3.7 Invocations


You had 12 spell levels left.
You knew the following spells:

 Your Spells              Type           Power        Failure   Level  Hunger
a - Corona                Hex            #####..      1%          1    None
b - Ensorcelled Hibernat  Hex/Ice        ####..       1%          2    #......
c - Confuse               Hex            #####...     1%          3    ##.....
d - Dazzling Spray        Conj/Hex       ###.....     6%          3    ##.....
e - Tukima's Dance        Hex            #####...     1%          3    ##.....


Dungeon Overview and Level Annotations

Branches:
Dungeon (12/15)            Temple (1/1) D:6            Lair (6/8) D:10
 Shoals (0/4) Lair:6       Spider (0/4) Lair:5          Orc (0/4) D:11
  Slime: Lair:6-8

Altars:
Ashenzari
Cheibriados
Dithmenos
Elyvilon
Fedhas
Gozag
Kikubaaqudgha
Makhleb
Nemelex Xobeh
Okawaru
Qazlal
Ru
Sif Muna
Trog
Vehumet
Xom
Yredelemnul
Zin
The Shining One

Shops:
D:6 *   D:10 %

Annotations:
Lair:6 Rupert


Innate Abilities, Weirdness & Mutations

You are small and have problems with some larger weapons.
You are somewhat resistant to further mutation.
((You have a pair of horns on your head.))
((Armour fits poorly on your strangely shaped body.))
Your magical capacity is low (-10% MP).


Message History

Rupert barely misses you.
You hit Rupert but do no damage.
Rupert is almost dead.
Unknown command.
You hit Rupert.
Rupert is almost dead.
Rupert hits you with a great sword of holy wrath!
Unknown command.
You hit Rupert but do no damage.
Rupert is almost dead.
Unknown command.
You hit Rupert but do no damage.
Rupert is almost dead.
Rupert hits you with a great sword of holy wrath!!
* * * LOW HITPOINT WARNING * * *
Unknown command.
You closely miss Rupert.
Rupert is almost dead.
Rupert hits you with a great sword of holy wrath!!
You die...

#...#.........
#.## .#.
#....#...###..#
.
#...#.....##..#
.... #....#P(##
#....P.(.##
#...P.P(.P#
##....((.##
#.#........#
#.P..♣@..!##
.............#
...#.......#P#
. ........####
....$....##
.r.#...PP#
P..)....P#
S......###


You could see Rupert (berserk), a black mamba (sleeping) and a porcupine
(sleeping).

Vanquished Creatures
  Snorg (D:11)
  The ghost of Shakirun the Severer, a journeyman MiBe of Trog (Lair:4)
  4 hydras
  The ghost of Miyamura the Covert, a novice OpTm of Gozag (D:10)
  Sonja (D:11)
  Nergalle (Lair:4)
  A manticore (Volcano)
  2 elephants (Lair:6)
  Maurice (D:9)
  4 black mambas
  An ugly thing (D:11)
  2 centaur zombies (D:11)
  2 molten gargoyles (Volcano)
  8 spiny frogs
  2 kobold demonologists (D:11)
  5 komodo dragons
  2 trolls (D:10)
  3 fire drakes (Volcano)
  3 blink frogs (Lair:6)
  A shadow (D:11)
  A wyvern (D:9)
  2 deep elf magi (D:10)
  6 fire bats (Volcano)
  A hungry ghost (D:7)
  A spriggan (D:7)
  6 yaks
  A basilisk (D:9)
  2 vampire mosquitoes (D:11)
  4 hippogriffs
  A mottled dragon (D:11)
  7 water moccasins
  3 wolves (Lair:4)
  4 orc warriors
  6 porcupines
  3 black bears
  A sky beast (D:10)
  2 phantoms
  8 necrophages
  3 ice beasts
  5 ogres
  6 crocodiles
  2 centaurs
  A big kobold (D:11)
  19 giant frogs
  2 elf zombies (D:4)
  7 scorpions
  4 water moccasin zombies (Ossuary)
  A gnoll sergeant (D:9)
  6 killer bees
  A wight (D:10)
  A giant frog zombie (D:10)
  3 crimson imps
  4 electric eels (D:10)
  3 jellies
  A lava snake (Volcano)
  A wasp zombie (D:10)
  7 hounds
  4 orc wizards
  A quasit (D:7)
  9 iguanas
  10 orc priests
  A giant frog skeleton (D:10)
  A centaur skeleton (D:9)
  2 human skeletons (D:4)
  16 sheep
  10 worker ants
  5 big kobold zombies (Ossuary)
  3 mummies
  2 hound skeletons
  11 adders
  A worker ant zombie (D:10)
  19 river rats
  6 gnolls
  4 shadow imps
  An ooze (D:2)
  4 worms
  An adder skeleton (D:5)
  An adder zombie (Ossuary)
  5 giant geckos
  54 orcs
  12 giant cockroaches
  2 gnoll zombies (Ossuary)
  7 hobgoblins
  10 jackals
  13 kobolds
  6 quokkas
  4 ball pythons
  9 bats
  A giant gecko skeleton (D:4)
  5 giant newts
  10 goblins
  3 hobgoblin zombies (Ossuary)
  6 kobold zombies (Ossuary)
  2 orc skeletons (D:4)
  7 orc zombies (Ossuary)
  8 rats
458 creatures vanquished.

Vanquished Creatures (collateral kills)
  3 orc warriors
  A wight (D:10)
  A gnoll (D:9)
5 creatures vanquished.

Vanquished Creatures (others)
  A giant frog (Lair:1)
  3 orcs (D:11)
  A jackal (D:10)
  A kobold zombie (Ossuary)
  A fungus (Lair:5)
7 creatures vanquished.

Grand Total: 470 creatures vanquished

Notes
Turn   | Place    | Note
--------------------------------------------------------------
     0 | D:1      | inmateoo the Halfling Enchanter began the quest for the Orb.
     0 | D:1      | Reached XP level 1. HP: 11/11 MP: 3/3
   116 | D:1      | Reached XP level 2. HP: 9/17 MP: 2/4
   120 | D:1      | Learned a level 2 spell: Ensorcelled Hibernation
   607 | D:1      | Reached XP level 3. HP: 21/21 MP: 5/5
   668 | D:1      | Reached skill level 1 in Ice Magic
  1402 | D:2      | Reached XP level 4. HP: 27/27 MP: 6/6
  1822 | D:2      | Learned a level 3 spell: Confuse
  2076 | D:2      | Reached XP level 5. HP: 31/31 MP: 4/7
  2199 | D:2      | Reached skill level 4 in Stealth
  2642 | D:3      | Found a white marble altar of Elyvilon.
  2991 | D:3      | Found a stormy altar of Qazlal.
  3150 | D:3      | Reached XP level 6. HP: 34/36 MP: 9/9
  3571 | D:4      | Found a sand-covered staircase.
  3744 | D:4      | Reached XP level 7. HP: 26/41 MP: 10/10
  3767 | Ossuary  | Entered an ossuary
  3964 | Ossuary  | Reached skill level 5 in Short Blades
  4345 | Ossuary  | Reached skill level 5 in Stealth
  4674 | Ossuary  | Reached XP level 8. HP: 46/46 MP: 3/11
  4784 | D:4      | Found a blossoming altar of Fedhas.
  4784 | D:4      | Found an opulent altar of Gozag.
  5313 | D:4      | Reached skill level 6 in Short Blades
  5380 | D:5      | Entered Level 5 of the Dungeon
  5423 | D:5      | Found a sparkling altar of Nemelex Xobeh.
  5774 | D:5      | Found a sacrificial altar of Ru.
  6082 | D:6      | Found a staircase to the Ecumenical Temple.
  6093 | Temple   | Entered the Ecumenical Temple
  6132 | Temple   | Became a worshipper of Warmaster Okawaru
  6259 | D:6      | Found Voujuk Koce's General Store.
  6262 | D:6      | Bought a scroll of identify for 28 gold pieces
  6262 | D:6      | Bought a scroll of remove curse for 42 gold pieces
  6310 | D:6      | Reached skill level 7 in Short Blades
  6475 | D:6      | Reached XP level 9. HP: 51/51 MP: 10/13
  6687 | D:6      | Reached * piety under Okawaru
  6780 | D:6      | Found a sparkling altar of Nemelex Xobeh.
  7055 | D:7      | Reached skill level 5 in Dodging
  7195 | D:7      | Learned a level 3 spell: Dazzling Spray
  7199 | D:7      | Learned a level 3 spell: Tukima's Dance
  7292 | D:7      | Reached skill level 8 in Short Blades
  7491 | D:7      | Reached skill level 5 in Hexes
  7555 | D:7      | Reached skill level 1 in Fighting
  7705 | D:8      | Found a basalt altar of Yredelemnul.
  8036 | D:8      | Reached ** piety under Okawaru
  8581 | D:9      | Noticed Maurice
  8586 | D:9      | Killed Maurice
  8586 | D:9      | Reached skill level 9 in Short Blades
  8586 | D:9      | Reached XP level 10. HP: 60/60 MP: 14/16
  8952 | D:9      | Reached *** piety under Okawaru
  9475 | D:10     | Entered Level 10 of the Dungeon
  9606 | D:10     | Found Zofulise's Food Emporium.
  9691 | D:10     | Noticed Miyamura's ghost (novice OpTm)
  9983 | D:9      | Reached **** piety under Okawaru
  9983 | D:9      | Reached skill level 10 in Short Blades
 10812 | D:10     | Gained mutation: Armour fits poorly on your strangely shaped body. [mutagenic meat]
 10813 | D:10     | Gained mutation: You have a pair of small horns on your head. [mutagenic meat]
 10872 | D:10     | Reached XP level 11. HP: 57/67 MP: 4/17
 10961 | D:10     | Gained mutation: Your magical capacity is low (-10% MP). [potion of mutation]
 11077 | D:11     | Noticed a cyclops
 11538 | D:10     | Killed Miyamura's ghost
 11538 | D:10     | Reached skill level 11 in Short Blades
 11686 | D:10     | Reached ***** piety under Okawaru
 12088 | D:10     | Found a staircase to the Lair.
 12184 | D:10     | Reached skill level 5 in Spellcasting
 12697 | D:11     | Identified a scroll of acquirement
 12899 | D:11     | Found a bloodstained altar of Trog.
 13773 | D:11     | Noticed Snorg
 13860 | D:11     | Killed Snorg
 13860 | D:11     | Received a gift from Okawaru
 13907 | D:11     | Noticed Sonja
 13933 | D:11     | Killed Sonja
 13933 | D:11     | Reached XP level 12. HP: 28/74 MP: 6/17
 14238 | D:11     | Reached skill level 12 in Short Blades
 14257 | D:11     | Found a staircase to the Orcish Mines.
 14277 | D:11     | Noticed a purple ugly thing
 14289 | D:11     | Killed a purple ugly thing
 14293 | D:11     | Gained mutation: You have a pair of horns on your head. [mutagenic meat]
 14494 | D:12     | Found an iron altar of Okawaru.
 14858 | Lair:1   | Entered Level 1 of the Lair of Beasts
 15036 | Lair:1   | Found a shadowy altar of Dithmenos.
 16329 | Lair:2   | Reached skill level 5 in Fighting
 16969 | Lair:3   | Reached skill level 13 in Short Blades
 17593 | Lair:4   | Noticed Nergalle
 17604 | Lair:4   | Killed Nergalle
 17604 | Lair:4   | Received a gift from Okawaru
 17642 | Lair:4   | Found a dark tunnel.
 17657 | Volcano  | Entered a volcano
 17921 | Volcano  | Reached skill level 1 in Invocations
 17957 | Volcano  | Found a radiant altar of Vehumet.
 17987 | Volcano  | Reached XP level 13. HP: 15/81 MP: 3/19
 18436 | Lair:4   | Noticed a six-headed hydra
 18451 | Lair:4   | Killed a six-headed hydra
 18581 | Lair:4   | Noticed a six-headed hydra
 18595 | Lair:4   | Killed a six-headed hydra
 18595 | Lair:4   | Reached ****** piety under Okawaru
 18703 | Lair:4   | Noticed Shakirun's ghost (journeyman MiBe)
 18724 | Lair:4   | Killed Shakirun's ghost
 19364 | Lair:5   | Reached skill level 10 in Stealth
 19373 | Lair:5   | Reached skill level 10 in Hexes
 19665 | Lair:5   | Got a fine turquoise ring
 19726 | Lair:5   | Identified the cursed ring of Datig {*Contam +Blink rF+++ Str-3 Stlth+} (You found it on level 5 of the Lair of Beasts)
 19829 | Lair:5   | Reached skill level 14 in Short Blades
 19881 | Lair:5   | Found a hole to the Spider Nest.
 19997 | Lair:6   | Found a staircase to the Shoals.
 20458 | Lair:5   | Received a gift from Okawaru
 20532 | Lair:6   | Noticed Rupert
 20554 | Lair:6   | Paralysed by Rupert for 2 turns
 20585 | Lair:6   | Slain by Rupert

Action                   |  1- 3 |  4- 6 |  7- 9 | 10-12 | 13-15 || total
-------------------------+-------+-------+-------+-------+-------++-------
Melee: Dagger            |   150 |   175 |   384 |   334 |       ||  1043
       Rapier            |       |       |       |   223 |   182 ||   405
       Short sword       |       |       |       |    16 |       ||    16
       Quick blade       |       |       |       |       |    64 ||    64
 Fire: Hunting sling     |    14 |       |       |       |       ||    14
       Blowgun           |       |       |       |    16 |     6 ||    22
 Cast: Corona            |     2 |       |       |     5 |       ||     7
       Ensorcelled Hiber |     7 |    33 |    18 |    52 |     7 ||   117
       Confuse           |       |     3 |    43 |    82 |    22 ||   150
       Dazzling Spray    |       |       |     5 |    30 |    25 ||    60
       Tukima's Dance    |       |       |       |    13 |       ||    13
Evoke: Wand              |       |       |       |     3 |       ||     3
  Use: Scroll            |     2 |     9 |     9 |    12 |     7 ||    39
       Potion            |       |       |     1 |     6 |     6 ||    13
 Stab: Sleeping          |    16 |    31 |    36 |    59 |    21 ||   163
       Confused          |       |       |    17 |    45 |    13 ||    75
       Invisible         |       |       |     3 |     9 |     9 ||    21
       Distracted        |       |       |       |     1 |       ||     1
  Eat: Chunk             |     2 |     9 |    15 |    37 |     4 ||    67
       Fruit             |       |     2 |       |     2 |       ||     4
       Meat ration       |       |       |     1 |       |       ||     1
       Beef jerky        |       |       |     1 |     3 |     4 ||     8
       Pizza             |       |       |       |     3 |       ||     3
